 Dungeon Crawl Stone Soup version 0.26.1-11-gd32895ea62 (webtiles) character file.

Game seed: 13889057791993672437

38 Zeld the Insei (level 3, 0/24 HPs)
             Began as an Octopode Transmuter on Sept 13, 2021.
             Slain by a goblin (4 damage)
             ... led by Robin
             ... on level 2 of the Dungeon.
             The game lasted 00:01:46 (1698 turns).

Zeld the Insei (Octopode Transmuter)                Turns: 1698, Time: 00:01:47

Health: 0/24       AC:  1    Str: 10    XL:     3   Next: 43%
Magic:  2/6        EV: 13    Int: 15    God:
Gold:   87         SH:  0    Dex: 12    Spells: 1/7 levels left

rFire    . . .     SeeInvis .     - Unarmed
rCold    . . .     Faith    .   (no shield)
rNeg     . . .     Spirit   .   (helmet currently unavailable)
rPois    .         Reflect  .   (no amulet)
rElec    .         Harm     .   (no ring)
rCorr    .         Rampage  .   (no ring)
Will     .....                  (no ring)
Stlth    ++........             (no ring)
HPRegen  0.08/turn              (no ring)
MPRegen  0.10/turn              (no ring)
                                (no ring)
                                (no ring)

@: appendages, wereblooded
A: almost no armour, stealthy swim, amphibious, 8 rings, constrict 8, tentacle
spike 3, camouflage 1, gelatinous body 1
a: End Transformation


You were on level 2 of the Dungeon.
One of your tentacles had a temporary spike.
You visited 1 branch of the dungeon, and saw 2 of its levels.

You collected 87 gold pieces.

Inventory:

Scrolls
 a - a scroll of magic mapping {unknown}
 b - 3 scrolls of identify {unknown}
 c - 2 scrolls of teleportation {unknown}
 d - a scroll of amnesia {unknown}
 e - 3 scrolls of immolation {unknown}
 i - a scroll of noise {unknown}
 k - a scroll of enchant weapon {unknown}
 l - a scroll of enchant armour {unknown}
Potions
 f - a potion of heal wounds {unknown}
 g - a potion of magic {unknown}
 h - 2 potions of might {unknown}
 j - a potion of brilliance {unknown}


   Skills:
 * Level 1.9 Fighting
 + Level 2.3 Dodging
 - Level 3.0 Unarmed Combat
 * Level 2.5 Spellcasting
 * Level 2.3 Transmutations
 + Level 0.4 Poison Magic


You had one spell level left.
You knew the following spells:

 Your Spells              Type           Power        Failure   Level
a - Beastly Appendage     Tmut           16%          9%          1
b - Wereblood             Tmut           8%           12%         2
c - Spider Form           Tmut/Pois      3%           34%         3

Your spell library contained the following spells:

 Spells                   Type           Power        Failure   Level
 Ice Form                 Ice/Tmut       5%           78%         4
 Blade Hands              Tmut           4%           92%         5


Dungeon Overview and Level Annotations

Branches:
Dungeon (2/15)

Altars:
Sif Muna

Annotations:
D:2 Robin


Innate Abilities, Weirdness & Mutations

You cannot wear most types of armour.
You are very stealthy in the water. (Stealth+)
You are amphibious.
You can wear up to eight rings at the same time.
You can use your tentacles to constrict eight enemies at once.
Your skin changes colour to match your surroundings (Stealth+).
Your rubbery body absorbs attacks. (AC +1, EV +1)
One of your tentacles bears a large vicious spike.


Message History

The goblin hits you. The goblin barely misses you.
Robin throws the goblin at you! The goblin closely misses you.
The goblin hits you. x2
Unknown command.
Unknown command.
You are too injured to fight recklessly!
You are too injured to fight recklessly!
You closely miss the goblin. You grab the goblin. You constrict the goblin.
The goblin barely misses you. The goblin misses you.
The goblin barely misses you.
You tentacle-slap the goblin.
You kill the goblin!
The goblin hits you.
* * * LOW HITPOINT WARNING * * *
The goblin barely misses you.
Unknown command.
You completely miss the goblin. Your grab misses the goblin.
Your tentacle spike misses the goblin.
The goblin closely misses you. The goblin hits you.
You die...

.......# #..####
.......#####.....#
..............#
.......#####..#
....#..# #..#
....#....# #..#
....#..#.# #..####
...##..#.# #...g†#
..###..# # #####@#
#####..# #g#######
.......# #gg.g.g..
.#####. #g.#g#<..
.# ...# .# .#
##..# # .#####
#..# ...... #..#
.##### #..#


You could see Robin and 4 goblins.

Vanquished Creatures
  2 dart slugs (D:1)
  A giant cockroach (D:1)
  6 hobgoblins
  A quokka (D:2)
  7 bats
  A frilled lizard (D:1)
  6 goblins
  2 kobolds
  5 rats
31 creatures vanquished.

Notes
Turn   | Place    | Note
-------+----------+-------------------------------------------
     0 | D:1      | Zeld the Octopode Transmuter began the quest for the Orb.
     0 | D:1      | Reached XP level 1. HP: 13/13 MP: 3/3
   287 | D:1      | Reached XP level 2. HP: 13/18 MP: 1/5
   386 | D:1      | Learned a level 2 spell: Wereblood
  1295 | D:2      | Reached XP level 3. HP: 24/24 MP: 4/6
  1299 | D:2      | Learned a level 3 spell: Spider Form
  1579 | D:2      | Found a shimmering blue altar of Sif Muna.
  1683 | D:2      | Noticed Robin
  1698 | D:2      | Slain by a goblin

Illustrated notes

Levels and vault maps discovered:
D:1:      minmay_arrival_arboretum_small, layout_basic, corexii_hall_statues_t
D:2:      layout_loops_ring, lemuel_doored_altar, uniq_robin

Action                   || total
-------------------------++-------
Melee: Unarmed           ||    63
       Constrict         ||    23
       Kick              ||    15
       Tentacles         ||     3
       Punch             ||     2
 Cast: Beastly Appendage ||    23
       Wereblood         ||     3
 Stab: Sleeping          ||     2
Armor: Skin              ||    20
Dodge: Dodged            ||    45
